 Dungeon Crawl Stone Soup version 0.20-a0-3-g334f831 (webtiles) character file.

4037 junb69 the Cleaver (level 10, 0/94 HPs)
             Began as a Minotaur Gladiator on Oct 30, 2016.
             Was an Elder of Okawaru.
             Slain by an unseen horror (7 damage)
             ... on level 10 of the Dungeon.
             The game lasted 00:12:14 (4651 turns).

junb69 the Cleaver (Minotaur Gladiator)             Turns: 4651, Time: 00:12:15

Health: 0/94       AC: 15    Str: 23 (25) XL:     10   Next: 4%
Magic:  9/9        EV: 10    Int:  4 (5)  God:    Okawaru [****..]
Gold:   287        SH: 13    Dex: 16 (17) Spells: 0 memorised, 9 levels left

rFire  . . .     SeeInvis .     a - +1 war axe
rCold  + . .     Gourm    .     b - +0 plate armour
rNeg   . . .     Faith    .     q - +0 shield (curse)
rPois  +         Spirit   .     c - +0 hat
rElec  .         Reflect  +     E - +0 cloak
rCorr  .         Harm     .     w - +2 pair of gloves of Beogh's Indignation {*Slow rPois rC+ MR++}
MR     ++...                    (no boots)
Stlth  ..........               e - +3 amulet of reflection
                                (no ring)
                                C - +3 ring of strength

@: agile, flying, starving, drained
A: retaliatory headbutt, horns 2
a: Heroism, Renounce Religion


You were on level 10 of the Dungeon.
You worshipped Okawaru.
Okawaru was greatly pleased with you.
You were starving.

You visited 1 branch of the dungeon, and saw 10 of its levels.
You also visited: Sewer.

You collected 287 gold pieces.

Inventory:

Hand Weapons
 a - a +1 war axe (weapon)
Missiles
 d - 3 throwing nets (quivered)
 A - 4 steel javelins
Armour
 b - a +0 plate armour (worn)
 c - a +0 hat (worn)
 q - a cursed +0 shield (worn)
 w - the +2 pair of gloves of Beogh's Indignation (worn) {*Slow rPois rC+ MR++}
   (You found it on level 6 of the Dungeon)

   It protects you from cold.
   It protects you from poison.
   It affects your resistance to hostile enchantments.
   It may slow you when you take damage.
 E - a +0 cloak (worn)
Jewellery
 e - a +3 amulet of reflection (around neck)
 C - a +3 ring of strength (left hand)
Wands
 m - a wand of paralysis (5/24)
 D - a wand of iceblast (5/15)
 F - a wand of flame (4/48)
Scrolls
 g - 3 scrolls of immolation
 i - 3 scrolls of summoning {unknown}
 j - 2 scrolls of noise
 t - a scroll of torment
 u - 2 scrolls of random uselessness
 x - a scroll of recharging
 y - 3 scrolls of fear
 B - a scroll of teleportation
Potions
 k - a potion of agility
 n - a potion of brilliance {unknown}
 o - 2 potions of flight
 p - 2 potions of heal wounds {unknown}
 r - 2 potions of degeneration
 s - a potion of might {unknown}
 v - a potion of mutation {unknown}
 z - a potion of ambrosia
Comestibles
 f - 4 bread rations
 l - a slice of pizza
 G - 24 fruits
 H - a meat ration


   Skills:
 * Level 10.8(9.5) Fighting
 * Level 12.4(11.0) Axes
 - Level 2.0(0.9) Throwing
 * Level 4.0(2.9) Armour
 - Level 3.2(2.2) Dodging
 * Level 4.2(3.0) Shields


You had 9 spell levels left.
You didn't know any spells.

Dungeon Overview and Level Annotations

Branches:
Dungeon (10/15)            Temple (0/1) D:5            Lair (0/6) D:8
    Orc: D:9-12

Altars:
Dithmenos
Fedhas
Kikubaaqudgha
Okawaru


Innate Abilities, Weirdness & Mutations

You reflexively headbutt those who attack you in melee.
You have a pair of horns on your head.


Message History

* * * LOW HITPOINT WARNING * * *
The wight hits you from afar with an enchanted halberd.
* * * LOW HITPOINT WARNING * * *
You feel drained. Something hits you.
* * * LOW HITPOINT WARNING * * *
The wight hits you but does no damage. Something hits you!
* * * LOW HITPOINT WARNING * * *
Something hits you but does no damage.
You feel less invigorated.
You feel less confused. Something hits you but does no damage.
The wight hits you but does no damage.
It was a potion of agility.
You feel agile all of a sudden. Something hits you.
* * * LOW HITPOINT WARNING * * *
The wight hits you but does no damage. Something completely misses you.
You miss something. You headbutt something. Something hits you!
You die...

....... .... .......
..$ #.... #.# # #
#....####.# .# #..
#....)o)).####.#....
.......###............
...#........<....o....
.#.#######.#####......
#....@{zo.# .....
#########...<... ....
#.###### .z. #.# ..
#.# # #.# #.# ..


You could see a wight and an orc wizard.

Vanquished Creatures
  Erica (D:8)
  Joseph (D:8)
  Maurice (D:9)
  A hippogriff (D:9)
  A wraith (D:10)
  An orc warrior (D:10)
  2 phantoms
  A black bear (D:8)
  4 centaurs
  3 big kobolds
  5 bullfrogs
  A gnoll sergeant (D:8)
  6 wights
  2 howler monkeys (D:9)
  2 crimson imps
  A centaur zombie (D:7)
  A bullfrog zombie (D:9)
  A gnoll shaman (D:6)
  2 hounds
  2 orc priests (D:10)
  A jelly (D:9)
  A bullfrog skeleton (D:7)
  5 orc wizards
  An iguana (D:8)
  4 worker ants
  8 adders
  6 gnolls
  3 river rats
  An adder skeleton (D:6)
  3 worms
  A dart slug (D:3)
  4 leopard geckos
  16 orcs
  5 giant cockroaches
  6 goblins
  5 hobgoblins
  5 jackals
  4 quokkas
  A ball python (D:1)
  4 bats
  12 kobolds
  11 rats
146 creatures vanquished.

Notes
Turn   | Place    | Note
-------+----------+-------------------------------------------
     0 | D:1      | junb69 the Minotaur Gladiator began the quest for the Orb.
     0 | D:1      | Reached XP level 1. HP: 18/18 MP: 0/0
    55 | D:1      | Reached skill level 4 in Axes
    88 | D:1      | Found an iron altar of Okawaru.
    94 | D:1      | Reached XP level 2. HP: 15/25 MP: 1/1
   102 | D:1      | Became a worshipper of Warmaster Okawaru
   593 | D:2      | Reached skill level 5 in Axes
   610 | D:2      | Reached XP level 3. HP: 22/30 MP: 2/2
   623 | D:2      | Found a faded altar of an unknown god.
   623 | D:2      | Found a shadowy altar of Dithmenos.
  1106 | D:2      | Found a blossoming altar of Fedhas.
  1396 | D:3      | Reached skill level 6 in Axes
  1396 | D:3      | Reached XP level 4. HP: 22/37 MP: 3/3
  1446 | D:3      | Found a glowing drain.
  1461 | Sewer    | Entered a sewer
  1689 | Sewer    | Noticed a big kobold
  1699 | Sewer    | Killed a big kobold
  1699 | Sewer    | Reached * piety under Okawaru
  1699 | Sewer    | Reached skill level 7 in Axes
  1699 | Sewer    | Reached XP level 5. HP: 40/42 MP: 4/4
  1718 | Sewer    | Found a glowing silver altar of Zin.
  2017 | D:5      | Entered Level 5 of the Dungeon
  2051 | D:5      | Found a staircase to the Ecumenical Temple.
  2223 | D:6      | Reached skill level 8 in Axes
  2240 | D:6      | Reached XP level 6. HP: 34/50 MP: 5/5
  2290 | D:6      | Reached skill level 9 in Axes
  2383 | D:6      | Reached ** piety under Okawaru
  2383 | D:6      | Reached XP level 7. HP: 26/57 MP: 6/6
  2435 | D:6      | Got a pair of smoking gloves
  2441 | D:6      | Identified the +2 pair of gloves of Beogh's Indignation {*Slow rPois rC+ MR++} (You found it on level 6 of the Dungeon)
  2468 | D:7      | Reached skill level 5 in Fighting
  2838 | D:7      | Reached XP level 8. HP: 70/73 MP: 7/7
  2893 | D:8      | Found a staircase to the Lair.
  2911 | D:8      | Noticed Erica
  2924 | D:8      | Killed Erica
  2924 | D:8      | Reached *** piety under Okawaru
  2924 | D:8      | Reached skill level 10 in Axes
  3217 | D:8      | Reached skill level 11 in Axes
  3218 | D:8      | Received a gift from Okawaru
  3352 | D:8      | Noticed Joseph
  3369 | D:8      | Killed Joseph
  3369 | D:8      | Reached XP level 9. HP: 44/85 MP: 8/8
  3624 | D:8      | Reached **** piety under Okawaru
  3624 | D:8      | Reached skill level 10 in Fighting
  3774 | D:9      | Reached skill level 1 in Armour
  3787 | D:9      | Reached skill level 1 in Shields
  3925 | D:9      | Found an ancient bone altar of Kikubaaqudgha.
  4150 | D:9      | Noticed Maurice
  4169 | D:9      | Killed Maurice
  4169 | D:9      | Reached skill level 12 in Axes
  4576 | D:10     | Entered Level 10 of the Dungeon
  4602 | D:10     | Reached XP level 10. HP: 31/94 MP: 6/9
  4639 | D:10     | HP: 3/94 [wight/enchanted halberd (2)]
  4641 | D:10     | HP: 1/94 [something (7)]
  4651 | D:10     | Slain by an unseen horror

Vault maps used:
D:1:      elethiomel_arrival_diamonds, serial_bayou_pond_e,
          okawaru_ov_weapons_minmay
D:2:      chequers_temple_overflow_minitemple, lemuel_crystal_altar
D:3:      gup_sewer_entry_bubbles, st_stairs_1, uniq_crazy_yiuf_cottage
D:4:      serial_bayou_pond_c, uniq_pikel
D:5:      first_bread
D:8:      lair_0_dummy, uniq_joseph, uniq_erica
D:9:      kennysheep_six_static_rooms, kennysheep_little_box,
          blue_anna_alchemist, uniq_maurice
D:10:     minmay_flawed_box, david_orc_2, basic_altar
Sewer:    sewer_kobolds

Skill      XL: |  1  2  3  4  5  6  7  8  9 10 |
---------------+-------------------------------+-----
Axes           | 4 5 6 7 8 9 11 12 | 12.4
Fighting       | 3 7 9 10 | 10.8
Armour         | 3 4 |  4.0
Shields        | 4 |  4.2
Throwing       | |  2.0
Dodging        | |  3.2

Action                   |  1- 3 |  4- 6 |  7- 9 | 10-12 || total
-------------------------+-------+-------+-------+-------++-------
Melee: War axe           |    70 |   106 |   212 |    25 ||   413
       Headbutt          |    12 |    14 |    41 |     3 ||    70
Invok: Heroism           |       |     1 |     2 |       ||     3
  Use: Scroll            |     3 |       |     7 |       ||    10
       Potion            |       |     3 |       |     7 ||    10
  Eat: Chunk             |       |     4 |     2 |       ||     6
       Bread ration      |       |       |     1 |       ||     1
Armor: Leather armour    |     9 |    12 |       |       ||    21
       Plate armour      |       |    21 |   126 |    35 ||   182
Dodge: Dodged            |    43 |    43 |    43 |    11 ||   140
Block: Other             |     5 |     3 |       |       ||     8
       Shield            |       |    54 |   134 |    22 ||   210
       Reflection        |       |       |     5 |       ||     5
